 Dungeon Crawl Stone Soup version 0.30-a0-989-g0d87f670db (webtiles) character file.

Game seed: 8710769363883555377

1703696 Gwe the Minotaur Barricade (level 25, 257/257 HPs)
             Began as a Minotaur Fighter on Mar 29, 2023.
             Was the Champion of Qazlal.
             Escaped with the Orb
             ... and 3 runes on Apr 4, 2023!
             The game lasted 05:47:09 (65016 turns).

Gwe the Minotaur Barricade (Minotaur Fighter)      Turns: 65016, Time: 05:47:09

Health: 257/257    AC: 46    Str: 38    XL:     25   Next: 86%
Magic:  43/43      EV:  6    Int:  9    God:    Qazlal [******]
Gold:   4383       SH: 49    Dex: 14    Spells: 24/24 levels left

rFire   + + +      SeeInvis +    R - +9 broad axe (spect)
rCold   . . .      Faith    .    b - +18 shield of the Gong {Loud rN+ Will+ rCorr EV-5}
rNeg    + + +      Spirit   .    D - +9 scales of the Dragon King {rPois rF+ rC+ Will+}
rPois   +          Reflect  +    z - +0 hat of Death's Door {rF- rN+++ Int+6}
rElec   +          Rampage  .    H - +1 cloak of Xan Ymul {rElec rF+ rN+ Int-2}
rCorr   +                        C - +0 pair of gloves
Will    ++++.                    V - +1 pair of boots {Stlth+} Stlth
                                 S - amulet "Manirch" {Reflect rCorr Str+5 SH+5}
HPRegen 0.62/turn                X - ring "Lusami" {Drain Fly rPois rF++ Str+6}
MPRegen 0.28/turn                m - ring "Meefehuy" {rF+++ Will+ MP+9 Str-2 SInv}

@: flying, studying 2 skills, repel missiles
A: horns 2, retaliatory headbutt, iridescent scales 2, cold vulnerability 1,
sturdy frame 1, devolution 1
0: Orb of Zot
}: 3/15 runes: decaying, silver, gossamer
a: Renounce Religion, Upheaval, Elemental Force, Disaster Area


You escaped.
You worshipped Qazlal.
Qazlal was exalted by your worship.
You visited 10 branches of the dungeon, and saw 48 of its levels.
You visited the Abyss 1 time.
You also visited: Trove, Bailey, Gauntlet and Desolation.

You collected 5855 gold pieces.
You spent 1472 gold pieces at shops.

Inventory:

Hand Weapons
 a - the +10 hand axe "Killer Klown's Doom" {protect, rF+ rC+ MP+9 Int+4}
   (You found it on level 4 of the Lair of Beasts)

   Int:       It affects your intelligence (+4).
   rF:        It protects you from fire.
   rC:        It protects you from cold.
   MP:        It affects your magic capacity (+9).
 j - a +1 morningstar of holy wrath
 R - a +9 spectral broad axe (weapon)
Missiles
 k - 9 boomerangs of dispersal
 q - 13 curare-tipped darts
 J - 8 silver javelins
Armour
 b - the +18 shield of the Gong (worn) {Loud rN+ Will+ rCorr EV-5}
   (You found it on level 1 of the Vaults)

   Loud:      It is deafeningly noisy when blocking attacks.
   EV:        It affects your evasion (-5).
   rN:        It protects you from negative energy.
   rCorr:     It protects you from acid and corrosion.
   Will:      It increases your willpower.
 z - the +0 hat of Death's Door (worn) {rF- rN+++ Int+6}
   (You found it on level 4 of the Spider Nest)

   Int:       It affects your intelligence (+6).
   rF:        It makes you vulnerable to fire.
   rN:        It renders you almost immune to negative energy.
 C - a +0 pair of gloves (worn)
 D - the +9 scales of the Dragon King (worn) {rPois rF+ rC+ Will+}
   (You took it off a deep elf high priest on level 3 of the Elven Halls)

   rF:        It protects you from fire.
   rC:        It protects you from cold.
   rPois:     It protects you from poison.
   Will:      It increases your willpower.
 H - the +1 cloak of Xan Ymul (worn) {rElec rF+ rN+ Int-2}
   (You found it in a bailey)

   Int:       It affects your intelligence (-2).
   rF:        It protects you from fire.
   rElec:     It insulates you from electricity.
   rN:        It protects you from negative energy.
 V - a +1 pair of boots of stealth (worn)
Jewellery
 c - the ring "Joocicum" {+Blink rC++ rCorr}
   (You took it off a deep elf sorcerer on level 3 of the Elven Halls)

   [ring of resist corrosion]

   rC:        It greatly protects you from cold.
   +Blink:    It lets you blink.
   rCorr:     It protects you from acid and corrosion.
 m - the ring "Meefehuy" (right hand) {rF+++ Will+ MP+9 Str-2 SInv}
   (You found it on level 13 of the Dungeon)

   [ring of magical power]

   Str:       It affects your strength (-2).
   rF:        It renders you almost immune to fire.
   MP:        It affects your magic capacity (+9).
   SInv:      It lets you see invisible.
   Will:      It increases your willpower.
 K - the amulet "Hovofen" {Regen+ Str+3}
   (You found it on level 3 of the Depths)

   [amulet of regeneration]

   Str:       It affects your strength (+3).
   Regen:     It increases your rate of health regeneration.
 S - the amulet "Manirch" (around neck) {Reflect rCorr Str+5 SH+5}
   (You found it in a treasure trove)

   [amulet of reflection]

   It reflects blocked missile attacks.
   Str:       It affects your strength (+5).
   rCorr:     It protects you from acid and corrosion.
   SH:        It affects your SH (+5).
 T - the ring "Kuamebbo" {Fly rPois rF+ Str+3}
   (You found it in a treasure trove)

   [ring of poison resistance]

   Str:       It affects your strength (+3).
   rF:        It protects you from fire.
   rPois:     It protects you from poison.
   Fly:       It grants you flight.
 X - the ring "Lusami" (left hand) {Drain Fly rPois rF++ Str+6}
   (You took it off a deep elf blademaster on level 3 of the Elven Halls)

   [ring of strength]

   Str:       It affects your strength (+6).
   rF:        It greatly protects you from fire.
   rPois:     It protects you from poison.
   Fly:       It grants you flight.
   Drain:     It drains your maximum health when unequipped.
Wands
 r - a wand of digging (30)
 v - a wand of quicksilver (1)
 N - a wand of charming (3)
 U - a wand of roots (26)
Scrolls
 e - 4 scrolls of torment
 f - 7 scrolls of magic mapping
 o - 17 scrolls of teleportation
 t - 10 scrolls of poison
 y - 9 scrolls of blinking
 A - 4 scrolls of immolation
 B - 3 scrolls of silence
 E - 4 scrolls of fear
 M - 7 scrolls of fog
 O - 6 scrolls of butterflies
 Y - 5 scrolls of enchant armour
Potions
 g - 6 potions of berserk rage
 i - 25 potions of curing
 l - 8 potions of cancellation (quivered)
 n - 12 potions of lignification
 p - 4 potions of haste
 s - 6 potions of resistance
 u - 9 potions of heal wounds
 x - 6 potions of ambrosia
 G - 6 potions of invisibility
 I - 6 potions of attraction
 L - 3 potions of flight
 P - 2 potions of brilliance
 Q - 2 potions of magic
 Z - a potion of mutation
Miscellaneous
 h - a condenser vane
 w - a phial of floods
 F - a phantom mirror
 W - a tin of tremorstones (2/2)


   Skills:
 O Level 27 Fighting
 - Level 20.0(24.2) Axes
 * Level 16.7(20.6) Maces & Flails
 - Level 17.0(20.8) Polearms
 + Level 24.1 Armour
 + Level 4.3 Dodging
 O Level 27 Shields
 * Level 17.8 Invocations


You had 24 spell levels left.
You didn't know any spells.
Your spell library contained the following spells:

 Spells                   Type           Power      Damage    Failure   Level
 Apportation              Tloc           0%         N/A       82%         1
 Freeze                   Ice            0%         1d3       82%         1
 Magic Dart               Conj           0%         1d3       82%         1
 Necrotise                Necr           0%         1d4       82%         1
 Sandblast                Erth           0%         2d4       82%         1
 Shock                    Conj/Air       0%         1d3       82%         1
 Slow                     Hex            0%         N/A       82%         1
 Summon Small Mammal      Summ           0%         N/A       82%         1
 Blink                    Tloc           0%         N/A       91%         2
 Cigotuvi's Dreadful Rot  Necr/Pois/Air  0%         N/A       91%         2
 Lesser Beckoning         Tloc           0%         N/A       91%         2
 Momentum Strike          Conj/Tloc      0%         3d8       91%         2
 Passwall                 Tmut/Erth      0%         N/A       91%         2
 Poisonous Vapours        Pois/Air       0%         N/A       91%         2
 Static Discharge         Conj/Air       0%         2-2/arc   91%         2
 Sublimation of Blood     Necr           0%         N/A       91%         2
 Call Canine Familiar     Summ           0%         N/A       99%         3
 Confusing Touch          Hex            0%         N/A       99%         3
 Dazzling Flash           Conj/Hex       0%         N/A       99%         3
 Frozen Ramparts          Ice            0%         1d1       99%         3
 Hailstorm                Conj/Ice       0%         3d3       99%         3
 Ignite Poison            Fire/Tmut/Pois 0%         N/A       99%         3
 Inner Flame              Hex/Fire       0%         N/A       99%         3
 Kindle Blastsparks       Fire/Tloc/Air  0%         2d10      99%         3
 Mephitic Cloud           Conj/Pois/Air  0%         N/A       99%         3
 Ozocubu's Armour         Ice            0%         N/A       99%         3
 Portal Projectile        Hex/Tloc       0%         N/A       99%         3
 Spider Form              Tmut/Pois      0%         N/A       99%         3
 Stone Arrow              Conj/Erth      0%         3d7       99%         3
 Summon Guardian Golem    Hex/Summ       0%         N/A       99%         3
 Swiftness                Air            0%         N/A       99%         3
 Tukima's Dance           Hex            0%         N/A       99%         3
 Vampiric Draining        Necr           0%         2d6       99%         3
 Vhi's Electric Charge    Tloc/Air       0%         N/A       99%         3
 Airstrike                Air            0%         2d(0-16)  100%        4
 Anguish                  Hex/Necr       0%         N/A       100%        4
 Animate Armour           Summ/Erth      0%         N/A       100%        4
 Animate Dead             Necr           0%         N/A       100%        4
 Cause Fear               Hex            0%         N/A       100%        4
 Dispel Undead            Necr           0%         3d6       100%        4
 Flame Wave               Conj/Fire      0%         2d4       100%        4
 Fulminant Prism          Conj/Hex       0%         3d5       100%        4
 Iskenderun's Mystic Bla  Conj/Tloc      0%         2d3       100%        4
 Leda's Liquefaction      Hex/Erth       0%         N/A       100%        4
 Manifold Assault         Tloc           0%         N/A       100%        4
 Olgreb's Toxic Radiance  Pois           0%         N/A       100%        4
 Passage of Golubria      Tloc           0%         N/A       100%        4
 Petrify                  Tmut/Erth      0%         N/A       100%        4
 Sticky Flame             Conj/Fire      0%         2d3       100%        4
 Summon Lightning Spire   Summ/Air       0%         N/A       100%        4
 Agony                    Necr           0%         N/A       100%        5
 Alistair's Intoxication  Tmut/Pois      0%         N/A       100%        5
 Arcjolt                  Conj/Air       0%         1d10      100%        5
 Borgnjor's Vile Clutch   Necr/Erth      0%         N/A       100%        5
 Fireball                 Conj/Fire      0%         3d3       100%        5
 Freezing Cloud           Conj/Ice/Air   0%         6-21      100%        5
 Irradiate                Conj/Tmut      0%         3d11      100%        5
 Lee's Rapid Deconstruct  Erth           0%         3d4*      100%        5
 Metabolic Englaciation   Hex/Ice        0%         N/A       100%        5
 Plasma Beam              Fire/Air       0%         2x1d7     100%        5
 Summon Forest            Summ/Tloc      0%         N/A       100%        5
 Summon Mana Viper        Hex/Summ       0%         N/A       100%        5
 Yara's Violent Unravell  Hex/Tmut       0%         3d3       100%        5
 Death Channel            Necr           0%         N/A       100%        6
 Dispersal                Tloc           0%         N/A       100%        6
 Iron Shot                Conj/Erth      0%         9d1       100%        6
 Simulacrum               Ice/Necr       0%         N/A       100%        6
 Starburst                Conj/Fire      0%         6d3       100%        6
 Statue Form              Tmut/Erth      0%         N/A       100%        6
 Summon Cactus Giant      Summ           0%         N/A       100%        6
 Dragon Form              Tmut           0%         N/A       100%        7
 Enfeeble                 Hex            0%         N/A       100%        7
 Ozocubu's Refrigeration  Ice            0%         4d7       100%        7
 Storm Form               Tmut/Air       0%         N/A       100%        7
 Borgnjor's Revivificati  Necr           0%         N/A       100%        8
 Discord                  Hex            0%         N/A       100%        8
 Disjunction              Tloc           0%         N/A       100%        8
 Ignition                 Fire           0%         3d3       100%        8
 Lehudib's Crystal Spear  Conj/Erth      0%         10d2      100%        8
 Necromutation            Tmut/Necr      0%         N/A       100%        8
 Chain Lightning          Conj/Air       0%         N/A       100%        9
 Death's Door             Necr           0%         N/A       100%        9
 Dragon's Call            Summ           0%         N/A       100%        9
 Polar Vortex             Ice            0%         N/A       100%        9


Dungeon Overview and Level Annotations

Branches:
Dungeon (15/15)            Temple (1/1) D:5            Lair (5/5) D:10
  Swamp (4/4) Lair:2       Spider (4/4) Lair:3        Slime (0/5) Lair:4
    Orc (2/2) D:12            Elf (3/3) Orc:2        Vaults (5/5) D:13
  Crypt (0/3) Vaults:2     Depths (4/4) D:15            Zot (5/5) Depths:4
 Bailey (visited)         Desolation (visited)      Gauntlet (visited)

Altars:
Elyvilon
Fedhas
Hepliaklqana
Qazlal
Sif Muna
Trog
Uskayaw
Vehumet
Xom
Yredelemnul
Zin
Jiyva

Shops:
D:4 =*(   D:7 =   D:9 *   D:10 *   Orc:2 =[*   Vaults:2 !   Vaults:4 [(
Vaults:5 ??

Portals:
Hell: Depths:1 Depths:2 Depths:3 Depths:4
Abyss: Depths:3
Pandemonium: Depths:2
Ziggurat: Depths:3


Innate Abilities, Weirdness & Mutations

You have a pair of horns on your head.
You reflexively headbutt those who attack you in melee.
You are mostly covered in iridescent scales. (AC +4)
You are vulnerable to cold. (rC-)
Your movements are slightly less encumbered by armour. (ER -2)
You have hidden genetic defects.


Message History

(V) Vaults (C) Crypt (U) Depths (H) Hell (Z) Zot
Where to? (Enter - D:1, ? - help)
Things that are here:
a +0 robe; a +0 dagger
Things that are here:
a +0 short sword; a +0 dagger
There is a stone staircase leading up here.
You fly upwards.
There is a stone staircase leading down here.
HP restored.
There is an escape hatch in the ceiling here.
A mysterious force pulls you upwards. The hatch slams shut behind you.
There is an open door here.
There is an open door here.
There is an open door here.
A green death comes into view.
The green death moves out of view.
Things that are here:
a +0 robe; a +2 mace
There is a stone staircase leading up here.
You fly upwards.
There is a stone staircase leading down here.
You see here a +0 mace.
There is a stone staircase leading up here.
You fly upwards.
There is a stone staircase leading down here.
There is a stone staircase leading up here.
You fly upwards.
There is a stone staircase leading down here.
There is a stone staircase leading up here.
You fly upwards.
There is a stone staircase leading down here.
There is a stone staircase leading up here.
You fly upwards.
There is a stone staircase leading down here.
There is an open door here.
There is a staircase leading out of the dungeon here.
You can't go down here!
You have escaped!

##...#..#...............#
#......
.....#..#...###...###...#
#...... ##...#..#####
##### ##.## #......
.#...#..#...###...###...#
###....
.###.#..#...............#
#....
.....#..#...###...###...#
#.... .#####..##.## #####
##### #....
........#...###.☼.###...#
#####
..####..#.......@○......#
........#...###...###...#
####
....##################'##
#.#.
....#.............)....#
#.#.
....#.#....##..##.....##
#.#.
....#.#.....#..##.....###
##'#.
....#.####..#..##.......#
#....
....#..........##..^....#
#....
....######..##.##.>.....#
#...#


There were no monsters in sight!

Vanquished Creatures
  5 dread liches (Zot:5)
  An ancient lich (Vaults:5)
  5 orbs of fire
  Mara (Swamp:3)
  A juggernaut (Depths:2)
  Margery (Depths:3)
  2 Killer Klowns
  4 curse toes
  Xtahua (Vaults:4)
  10 golden dragons
  Nikola (Swamp:2)
  the Enchantress (Depths:4)
  2 doom hounds (Depths:4)
  4 electric golems
  Mlioglotl (Spider:3)
  Jorgrun (Swamp:2)
  2 walking crystal tomes (Depths:3)
  13 tentacled monstrosities
  26 Orb Guardians
  A lich (Depths:1)
  9 quicksilver dragons
  Grunn (Depths:4)
  3 titans
  2 deep elf blademasters (Elf:3)
  2 deep elf master archers (Elf:3)
  An Executioner (D:15)
  9 death cobs
  6 tengu reavers
  5 sphinxes
  A tentacled starspawn (Abyss:2)
  Roxanne (Spider:4)
  Donald (Swamp:1)
  Agnes (D:14)
  4 draconian monks
  16 storm dragons
  A fenstrider witch (Swamp:4)
  14 shadow dragons
  4 emperor scorpions
  12 fire giants
  3 imperial myrmidons (Desolation)
  13 deep elf sorcerers
  5 frost giants
  13 vault wardens
  3 draconian scorchers
  2 draconian knights
  2 draconian stormcallers
  A draconian shifter (Zot:3)
  11 ghost moths
  Louise (Spider:4)
  10 broodmothers
  An orc warlord (Orc:1)
  13 stone giants
  3 war gargoyles
  21 very ugly things
  6 deep elf elementalists (Elf:3)
  2 grey draconians (Depths:4)
  2 draconian annihilators
  11 ironbound preservers
  3 spriggan defenders
  4 vampire knights
  12 ironbound thunderhulks
  5 deep elf annihilators
  4 deep elf demonologists
  2 eleionomae
  A halazid warlock (Desolation)
  15 green draconians
  A minotaur (Gauntlet)
  5 black draconians
  12 dire elephants
  A lorocyproca (Depths:4)
  9 spark wasps
  8 red draconians
  8 purple draconians
  6 yellow draconians
  10 ettins
  7 bunyips
  11 deep elf death magi
  7 white draconians
  3 jiangshi (Depths:4)
  A merfolk javelineer (Depths:4)
  2 crystal guardians (Desolation)
  11 fire dragons
  4 deep elf high priests
  14 yaktaur captains
  10 ragged hierophants (Desolation)
  3 great orbs of eyes
  4 shambling mangroves (Swamp:4)
  9 entropy weavers
  5 ice dragons
  10 servants of whispers (Desolation)
  32 vault guards
  3 peacekeepers
  5 rakshasas
  6 ogre magi
  8 ironbound frosthearts
  3 jorogumos
  22 two-headed ogres
  8 boulder beetles
  16 hydras
  8 alligators
  3 radroaches
  27 dancing weapons
  5 spriggan air magi
  2 catoblepae
  5 deep troll shamans
  20 centaur warriors
  8 tengu warriors
  A death scarab (Gauntlet)
  7 deep troll earth magi
  12 death yaks (Lair:5)
  2 vampire magi
  2 spriggan berserkers
  A hell hog (Depths:4)
  An orc high priest (Elf:3)
  18 deep elf knights
  2 sun demons
  12 hell knights
  A skyshark (shapeshifter) (Gauntlet)
  3 iron trolls
  3 sun moths
  Amaemon (Lair:3)
  6 spriggan druids
  A salamander mystic (Depths:1)
  A wretched star (Abyss:2)
  3 goliath frogs
  7 pharaoh ants
  5 flayed ghosts
  A spatial maelstrom (Abyss:2)
  5 bog bodies
  21 deep trolls
  An obsidian statue (Zot:5)
  18 orb spiders
  12 swamp dragons
  A sea snake (Depths:1)
  A goliath frog (shapeshifter) (Vaults:1)
  A death drake (Depths:1)
  A shadow demon (Abyss:2)
  7 deep elf archers
  20 ironbound convokers
  8 wizards
  2 phantasmal warriors
  29 deep elf zephyrmancers
  A spectral hydra (Swamp:4)
  2 glowing orange brains
  A tengu zombie (Vaults:4)
  41 deep elf pyromancers
  12 lindwurms
  7 necromancers
  A harpy (shapeshifter) (Depths:2)
  6 steelbarb worms
  41 ugly things
  A manticore (shapeshifter) (Elf:3)
  7 harpies
  9 cyclopes
  A human zombie (Vaults:3)
  24 wolf spiders
  A fire giant zombie (Vaults:3)
  4 oklob plants
  A faun (shapeshifter) (D:14)
  6 will-o-the-wisps
  8 elephants
  18 moths of wrath
  5 salamanders (Depths:1)
  4 manticores
  4 orc sorcerers
  4 guardian serpents (Desolation)
  A moth of wrath (shapeshifter) (Vaults:5)
  A worldbinder (Abyss:2)
  Joseph (D:8)
  A sphinx skeleton (Vaults:4)
  2 centaur zombies (D:15)
  8 black mambas
  2 rust devils
  A molten gargoyle (Desolation)
  4 demonic crawlers
  A stone giant skeleton (Vaults:4)
  19 vault sentinels
  2 naga magi
  2 smoke demons
  2 orange demons
  3 gargoyles
  14 cane toads
  7 torpor snails
  A kobold demonologist (D:12)
  2 centaur skeletons (D:15)
  A tormentor (Depths:2)
  6 rime drakes
  4 tengu conjurers
  6 komodo dragons
  2 unseen horrors
  4 ice devils
  2 komodo dragons (shapeshifter)
  25 yaktaurs
  2 efreet (D:12)
  5 freezing wraiths
  4 polar bears
  A yaktaur skeleton (Vaults:3)
  3 trolls
  4 hydra zombies (Swamp:4)
  A red devil (D:15)
  11 meliai
  11 tyrant leeches
  Prince Ribbit (D:8)
  3 hellwings (D:15)
  2 ancient zymes (Abyss:2)
  33 tarantellas
  22 hornets
  54 saltlings (Desolation)
  3 blink frogs (Lair:1)
  12 dream sheep (Lair:5)
  19 slime creatures
  25 culicivoras
  15 spriggans
  37 jumping spiders
  3 water elementals
  7 wyverns
  4 wraiths
  2 air elementals (Elf:3)
  37 yaks
  2 vampires
  3 ynoxinuls
  4 fire bats (Depths:1)
  A steam dragon (D:7)
  4 fire elementals
  4 vampire mosquitoes
  4 basilisks
  3 neqoxecs
  8 chaos spawn
  Menkaure (D:5)
  64 redbacks
  6 wargs
  23 swamp worms
  11 water moccasins
  12 large abominations
  An acid dragon (D:11)
  A glowing shapeshifter zombie (Vaults:3)
  Duvessa (D:5)
  5 hydra simulacra (Swamp:4)
  A floating eye (shapeshifter) (Gauntlet)
  2 human simulacra (Vaults:4)
  2 hell hounds
  A floating eye (Depths:4)
  5 swamp drakes
  16 orc warriors
  11 ice beasts
  4 sky beasts
  A spectral torpor snail (Gauntlet)
  2 swamp dragon zombies (Swamp:4)
  11 black bears
  26 wolves
  28 ogres
  4 swamp dragon skeletons (Swamp:4)
  12 centaurs
  4 phantoms
  5 kobold brigands
  6 bullfrogs
  2 earth elementals (Elf:1)
  3 gnoll sergeants
  6 small abominations
  A scorpion (D:6)
  A hornet simulacrum (D:15)
  13 wights
  Dowan (D:5)
  18 killer bees
  4 howler monkeys (D:9)
  4 electric eels
  7 vampire bats (Bailey)
  4 wolf zombies (Bailey)
  7 crimson imps (D:13)
  6 jellies
  11 hounds
  Crazy Yiuf (D:5)
  17 orc priests
  4 starcursed masses (Abyss:2)
  Ijyb (D:5)
  2 iguanas
  16 orc wizards
  10 gnolls
  6 adders
  17 orc zombies (Bailey)
  A shadow imp (D:5)
  3 white imps
  2 ufetubi
  A worm (D:5)
  65 orcs
  10 ball pythons
  5 endoplasms
  2 giant cockroaches (D:2)
  7 goblins
  3 hobgoblins (D:1)
  3 quokkas (D:1)
  4 bats
  2 frilled lizards (D:1)
  23 kobolds
  16 butterflies (Vaults:1)
  A starspawn tentacle (Abyss:2)
2167 creatures vanquished.

Vanquished Creatures (others)
  A vault warden (Vaults:3)
  An ironbound preserver (Vaults:5)
  A red draconian (Zot:1)
  A rakshasa (D:15)
  A centaur warrior (Vaults:2)
  A vampire mage (Depths:3)
  A bog body (Swamp:3)
  A wizard (Vaults:3)
  An ugly thing (Vaults:3)
  A bloated husk (Swamp:1)
  A jumping spider (Spider:1)
  A black bear (D:5)
  2 iguanas (D:5)
  An adder (D:5)
  A demonic plant (D:15)
  22 foxfires
  15 fungi
  74 plants
  9 starspawn tentacles (Abyss:2)
136 creatures vanquished.

Grand Total: 2303 creatures vanquished

Notes
Turn   | Place    | Note
-------+----------+-------------------------------------------
     0 | D:1      | Gwe the Minotaur Fighter began the quest for the Orb.
     0 | D:1      | Reached XP level 1. HP: 19/19 MP: 0/0
   405 | D:1      | Reached XP level 2. HP: 27/27 MP: 1/1
  1265 | D:2      | Reached XP level 3. HP: 32/33 MP: 2/2
  1561 | D:4      | Noticed a phantom
  1595 | D:3      | Found a radiant altar of Vehumet.
  1704 | D:3      | Noticed a phantom
  1722 | D:3      | Killed a phantom
  1723 | D:3      | Reached XP level 4. HP: 19/40 MP: 3/3
  2211 | D:5      | Entered Level 5 of the Dungeon
  2219 | D:5      | Reached skill level 5 in Axes
  2295 | D:4      | Killed a phantom
  2296 | D:4      | Reached XP level 5. HP: 30/47 MP: 4/4
  2564 | D:4      | Noticed a sky beast
  2573 | D:4      | Killed a sky beast
  2574 | D:4      | Reached XP level 6. HP: 53/53 MP: 5/5
  2709 | D:4      | Found Meedimapp's Jewellery Shoppe.
  2948 | D:4      | Found Jaitab's Antique Weapon Shop.
  3293 | D:4      | Found Zadwa's Assorted Antiques.
  3296 | D:4      | Bought a scroll labelled ESIODOBAEH for 35 gold pieces
  3296 | D:4      | Bought a scroll labelled ZIGOZE POIGASS for 35 gold pieces
  3519 | D:5      | Reached skill level 5 in Armour
  3559 | D:5      | Found a runed translucent door.
  3560 | D:5      | Noticed Crazy Yiuf
  3566 | D:5      | Killed Crazy Yiuf
  3567 | D:5      | Reached XP level 7. HP: 53/60 MP: 6/6
  3619 | D:5      | Noticed Ijyb
  3630 | D:5      | Killed Ijyb
  3787 | D:5      | Reached skill level 5 in Fighting
  3787 | D:5      | Reached skill level 1 in Dodging
  3867 | D:5      | Noticed Duvessa
  3867 | D:5      | Noticed Dowan
  3876 | D:5      | Killed Dowan
  3877 | D:5      | Killed Duvessa
  4197 | D:5      | Reached XP level 8. HP: 54/68 MP: 7/7
  4258 | D:5      | Found a shimmering altar of Xom.
  4410 | D:5      | Noticed Menkaure
  4422 | D:5      | Killed Menkaure
  4574 | D:5      | Found a staircase to the Ecumenical Temple.
  4581 | Temple   | Entered the Ecumenical Temple
  4586 | Temple   | Became a worshipper of Qazlal Stormbringer
  4851 | D:5      | Reached skill level 10 in Axes
  5070 | D:7      | Found a flagged portal.
  5080 | Bailey   | Entered a bailey
  5292 | Bailey   | Reached * piety under Qazlal
  5463 | Bailey   | Reached skill level 5 in Shields
  5603 | Bailey   | Noticed a gargoyle
  5610 | Bailey   | Killed a gargoyle
  5611 | Bailey   | Reached XP level 9. HP: 43/75 MP: 8/8
  5639 | Bailey   | Identified the +0 chain mail "Zeikk" {+Inv rPois rF- Dex-5}
  5643 | Bailey   | Identified the +1 cloak of Xan Ymul {rElec rF+ rN+ Int-2}
  5645 | Bailey   | Identified the +5 long sword of the Grinning Dragonfly
                  | {elec, rC- Will+ rCorr}
  5964 | D:7      | Found Ytev Kab's Jewellery Emporium.
  8066 | D:8      | Noticed Prince Ribbit
  8069 | D:8      | Reached XP level 10. HP: 85/86 MP: 9/9
  8084 | D:8      | Reached ** piety under Qazlal
  8332 | D:8      | Noticed Joseph
  8353 | D:8      | Killed Joseph
  8775 | D:8      | Killed Prince Ribbit
  8914 | D:8      | Found a hazy altar of Hepliaklqana.
  9147 | D:9      | Found Mulozine's General Store.
  9150 | D:9      | Bought a scroll of magic mapping for 97 gold pieces
  9485 | D:10     | Entered Level 10 of the Dungeon
  9581 | D:9      | Noticed a two-headed ogre
  9594 | D:9      | Killed a two-headed ogre
  9750 | D:10     | Found Avvisk's General Store.
  9754 | D:10     | Bought a scroll of identify for 32 gold pieces
  9767 | D:9      | Reached skill level 15 in Axes
 10302 | D:9      | Reached XP level 11. HP: 46/94 MP: 10/10
 11157 | D:10     | Identified a scroll of acquirement
 11158 | D:10     | Acquired a +1 broad axe of freezing
 11206 | D:10     | Reached *** piety under Qazlal
 11258 | D:10     | Found a staircase to the Lair.
 11726 | Lair:1   | Entered Level 1 of the Lair of Beasts
 11901 | Lair:1   | Reached **** piety under Qazlal
 12659 | Lair:2   | Noticed a four-headed hydra
 12672 | Lair:1   | Killed a four-headed hydra
 12673 | Lair:1   | Reached skill level 10 in Armour
 12991 | Lair:2   | Reached XP level 12. HP: 105/105 MP: 11/11
 13284 | Lair:3   | Found a gate leading to a gauntlet.
 13285 | Lair:3   | Found a white marble altar of Elyvilon.
 13296 | Gauntlet | Entered a Gauntlet
 13296 | Gauntlet | Found a transporter.
 13305 | Gauntlet | Found a transporter.
 13320 | Gauntlet | Found a transporter.
 13322 | Gauntlet | Found a large runed translucent door.
 13323 | Gauntlet | Found a large runed translucent door.
 13324 | Gauntlet | Found a large runed translucent door.
 13324 | Gauntlet | Found a large runed translucent door.
 13325 | Gauntlet | Found a runed translucent door.
 13325 | Gauntlet | Found a large runed translucent door.
 13326 | Gauntlet | Found a transporter.
 13326 | Gauntlet | Noticed a blizzard demon
 13327 | Gauntlet | Found a runed translucent door.
 13328 | Gauntlet | Found a large runed translucent door.
 13328 | Gauntlet | Found a large runed translucent door.
 13328 | Gauntlet | Found a large runed translucent door.
 13329 | Gauntlet | Found a large runed translucent door.
 13330 | Gauntlet | Found a large runed translucent door.
 13335 | Gauntlet | Found a large runed translucent door.
 13335 | Gauntlet | Found a large runed translucent door.
 13336 | Gauntlet | Found a large runed translucent door.
 13336 | Gauntlet | Found a large runed translucent door.
 13336 | Gauntlet | Found a large runed translucent door.
 13336 | Gauntlet | Found a large runed translucent door.
 13339 | Gauntlet | Found a runed translucent gate.
 13339 | Gauntlet | Found a runed translucent gate.
 13339 | Gauntlet | Found a runed translucent gate.
 13340 | Gauntlet | Noticed a reaper
 13385 | Gauntlet | Found a transporter.
 13404 | Gauntlet | Found a transporter.
 13416 | Gauntlet | Found a transporter.
 13419 | Gauntlet | Noticed a four-headed hydra
 13428 | Gauntlet | Found a transporter.
 13440 | Gauntlet | Found a transporter.
 13445 | Gauntlet | Found a transporter.
 13462 | Gauntlet | Found a transporter.
 13462 | Gauntlet | Noticed a hell beast
 13467 | Gauntlet | Found a transporter.
 13507 | Gauntlet | Found a transporter.
 13508 | Gauntlet | Noticed a death scarab
 13539 | Gauntlet | Found a transporter.
 13603 | Gauntlet | Found a transporter.
 13605 | Gauntlet | Found a transporter.
 13611 | Gauntlet | Found a transporter.
 13641 | Gauntlet | Killed a death scarab
 13672 | Gauntlet | Reached skill level 10 in Fighting
 13689 | Gauntlet | Identified the +7 crystal plate armour of the Tick {Int+3}
 13709 | Gauntlet | Noticed a minotaur
 13717 | Gauntlet | Killed a minotaur
 13734 | Gauntlet | Got the Omnibus of the Zephyr
 13739 | Gauntlet | Got the Atlas of Inquiry
 13741 | Gauntlet | Identified the +1 troll leather armour "Dophue" {Harm rElec
                  | rN++ Regen+ Dex+2}
 13742 | Gauntlet | Got the Book of Malediction
 14074 | Lair:3   | Reached skill level 10 in Shields
 14105 | Lair:3   | Reached ***** piety under Qazlal
 14185 | Lair:3   | Noticed Amaemon
 14193 | Lair:3   | Killed Amaemon
 14431 | Lair:3   | Found a hole to the Spider Nest.
 14679 | Lair:4   | Reached XP level 13. HP: 114/117 MP: 12/12
 15111 | Lair:5   | Entered Level 5 of the Lair of Beasts
 15245 | Lair:4   | Found a staircase to the Slime Pits.
 15245 | Lair:4   | Found a viscous altar of Jiyva.
 15482 | Lair:4   | Identified the +10 hand axe "Killer Klown's Doom" {protect,
                  | rF+ rC+ MP+9 Int+4}
 16446 | Lair:5   | Reached skill level 1 in Maces & Flails
 16649 | Lair:5   | Reached XP level 14. HP: 120/132 MP: 13/13
 17519 | D:11     | Reached ****** piety under Qazlal
 17702 | D:11     | Found a bloodstained altar of Trog.
 18409 | D:12     | Found a staircase to the Orcish Mines.
 18922 | D:13     | Reached skill level 15 in Fighting
 18968 | D:13     | Identified the +3 arbalest "Ogreslayer" {heavy, Will+
                  | Str+3}
 19296 | D:13     | Noticed an ironbound preserver
 19339 | D:12     | Killed an ironbound preserver
 19579 | D:13     | Identified the ring "Meefehuy" {rF+++ Will+ MP+9 Str-2
                  | SInv}
 19740 | D:13     | Found a gate to the Vaults.
 20012 | D:13     | Got the Dissertation on the Bloody Rocks
 20364 | D:15     | Entered Level 15 of the Dungeon
 20373 | D:14     | Identified the +8 trident of Tartarus {drain, Contam +Blink
                  | Fly rF++}
 20547 | D:14     | Got Uxkuziyth's Incunable of the Final Tusks
 21014 | D:14     | Noticed Agnes
 21023 | D:14     | Killed Agnes
 21031 | D:14     | Reached skill level 15 in Armour
 21335 | D:14     | Identified the +7 kite shield of Roluq {rElec}
 21453 | Orc:1    | Entered Level 1 of the Orcish Mines
 21459 | Orc:1    | Reached skill level 15 in Shields
 21494 | Orc:1    | Reached XP level 15. HP: 136/144 MP: 14/14
 21718 | Orc:2    | Entered Level 2 of the Orcish Mines
 21850 | Orc:2    | Found a staircase to the Elven Halls.
 22193 | Orc:2    | Reached skill level 1 in Invocations
 22286 | Orc:2    | Found Likeigur's Jewellery Emporium.
 22286 | Orc:2    | Found Zidon's General Store.
 22286 | Orc:2    | Found Muulut's Antique Armour Shop.
 22286 | Orc:2    | Found Lonahus's Distillery.
 22365 | Orc:2    | Bought a scroll of identify for 26 gold pieces
 22368 | Orc:2    | Bought a potion of heal wounds for 75 gold pieces
 22368 | Orc:2    | Bought a potion of might for 60 gold pieces
 22368 | Orc:2    | Bought a potion of invisibility for 120 gold pieces
 22368 | Orc:2    | Bought a potion of berserk rage for 75 gold pieces
 22368 | Orc:2    | Bought a potion of curing for 45 gold pieces
 22368 | Orc:2    | Bought a potion of might for 60 gold pieces
 23020 | D:15     | Gained mutation: You are frail. (-10% HP) [a neqoxec]
 23387 | D:15     | Gained mutation: You occasionally lose the ability to read
                  | scrolls when taking damage. [a neqoxec]
 23591 | D:15     | Found a staircase to the Depths.
 23654 | D:15     | Acquired a manual of Polearms
 23855 | Lair:2   | Found a staircase to the Swamp.
 24254 | Spider:1 | Entered Level 1 of the Spider Nest
 24267 | Lair:3   | Reached skill level 1 in Polearms
 24388 | Spider:1 | Noticed an emperor scorpion
 24408 | Lair:3   | Killed an emperor scorpion
 24409 | Lair:3   | Reached XP level 16. HP: 131/139 MP: 18/18
 24468 | Spider:1 | Reached skill level 5 in Invocations
 24811 | Spider:1 | Reached skill level 5 in Polearms
 25081 | Spider:1 | Identified the +4 leather armour of Inference {rC- rN++
                  | rCorr}
 26032 | Spider:2 | Identified the +0 leather armour of Odatat {Will+ Dex+3}
 26292 | Spider:2 | Identified the +5 hand axe of Winter {pain, rF- rC+ Str+3
                  | Int+2 Dex+3}
 26980 | Spider:2 | Found a hide-covered altar of Uskayaw.
 27165 | Spider:3 | Noticed Mlioglotl
 27174 | Spider:3 | Killed Mlioglotl
 27464 | Spider:4 | Entered Level 4 of the Spider Nest
 27477 | Spider:4 | Noticed Roxanne
 28194 | Spider:3 | Reached XP level 17. HP: 98/146 MP: 21/21
 28618 | Spider:4 | Noticed Louise
 28755 | Spider:4 | Killed Louise
 28868 | Spider:3 | Reached skill level 10 in Polearms
 30523 | Spider:4 | Killed Roxanne
 30843 | Spider:3 | Upgraded the game from 0.30-a0-954-gcf5f444c16 to
                  | 0.30-a0-959-g3818848631
 30958 | Spider:4 | Got a gossamer rune of Zot
 30971 | Spider:4 | Identified the +0 hat of Death's Door {rF- rN+++ Int+6}
 31169 | Swamp:1  | Entered Level 1 of the Swamp
 31319 | Swamp:1  | You fall into a shaft and drop 1 floor!
 31436 | Swamp:1  | Noticed Donald
 31461 | Swamp:1  | Killed Donald
 32085 | Swamp:2  | Identified the +4 short sword "Suisaff" {antimagic, +Blink
                  | Will+ Int+4}
 32723 | Swamp:3  | Noticed Nikola
 32785 | Swamp:2  | Killed Nikola
 32786 | Swamp:2  | Reached XP level 18. HP: 155/155 MP: 23/23
 32814 | Swamp:3  | Noticed Jorgrun
 32817 | Swamp:3  | Noticed Mara
 32821 | Swamp:3  | Noticed Gwe's illusion
 32831 | Swamp:2  | Killed Jorgrun
 33244 | Swamp:3  | Noticed Gwe's illusion
 33409 | Swamp:3  | Noticed Gwe's illusion
 33421 | Swamp:3  | Killed Mara
 33677 | Swamp:4  | Entered Level 4 of the Swamp
 35114 | Swamp:4  | Found a basalt altar of Yredelemnul.
 35150 | Swamp:4  | Found a blossoming altar of Fedhas.
 35316 | Swamp:4  | Got a decaying rune of Zot
 35521 | Vaults:1 | Entered Level 1 of the Vaults
 35740 | Vaults:1 | Identified the +8 dagger of Xutro {holy, rC+}
 36065 | Vaults:1 | Found a huge runed gate.
 36065 | Vaults:1 | Found a huge runed gate.
 36065 | Vaults:1 | Found a huge runed gate.
 36065 | Vaults:1 | Found a huge runed gate.
 36065 | Vaults:1 | Found a huge runed gate.
 36065 | Vaults:1 | Found a huge runed gate.
 36065 | Vaults:1 | Found a huge runed gate.
 36066 | Vaults:1 | Found a huge runed gate.
 36066 | Vaults:1 | Found a huge runed gate.
 36066 | Vaults:1 | Found a huge runed gate.
 36067 | Vaults:1 | Found a huge runed gate.
 36067 | Vaults:1 | Found a huge runed gate.
 36068 | Vaults:1 | Found a huge runed gate.
 36271 | Vaults:1 | Found the +18 shield of the Gong {Loud rN+ Will+ rCorr
                  | EV-5}
 36309 | Vaults:1 | Identified the +7 short sword of Peace {holy, rF- Str+3
                  | Int+8}
 36312 | Vaults:1 | Got the Tractate on the Wild Voyage
 36708 | Vaults:2 | Reached skill level 10 in Invocations
 36713 | Vaults:2 | Reached XP level 19. HP: 159/165 MP: 25/25
 36765 | Vaults:2 | Reached skill level 15 in Polearms
 36798 | Vaults:2 | Found Tegg's Distillery.
 36806 | Vaults:2 | Bought a potion of heal wounds for 70 gold pieces
 36806 | Vaults:2 | Bought a potion of heal wounds for 70 gold pieces
 36806 | Vaults:2 | Bought 2 potions of cancellation for 224 gold pieces
 36806 | Vaults:2 | Bought 2 potions of resistance for 280 gold pieces
 36849 | Vaults:2 | Upgraded the game from 0.30-a0-959-g3818848631 to
                  | 0.30-a0-967-g9b59a09336
 37363 | Vaults:2 | You fall into a shaft and drop 2 floors!
 38708 | Vaults:2 | Found a staircase to the Crypt.
 39006 | Vaults:2 | Bought a potion of curing for 42 gold pieces
 39006 | Vaults:2 | Bought a potion of curing for 42 gold pieces
 39006 | Vaults:2 | Bought a potion of curing for 42 gold pieces
 39006 | Vaults:2 | Bought a potion of curing for 42 gold pieces
 39079 | Vaults:3 | Found a portal to a secret trove of treasure.
 39674 | Vaults:4 | Found Lojouga's Antique Weapon Boutique.
 39696 | Vaults:4 | Reached XP level 20. HP: 167/175 MP: 27/27
 39934 | Vaults:4 | Found Rixotag's Antique Armour Shoppe.
 41110 | Elf:1    | Entered Level 1 of the Elven Halls
 42089 | Elf:2    | Found a crumbling gateway.
 42093 | Desolati | Entered the Desolation of Salt
 42248 | Desolati | Identified the +7 broad axe "Giant's Regret" {heavy, rF++
                  | Str+3 Dex-3}
 42566 | Desolati | Got the Omnibus of the Catamount
 42570 | Desolati | Identified the +5 long sword of the Wheel {spect, Dex+6}
 42571 | Desolati | Identified the +0 scale mail "Ehoaxed" {Int+3}
 42617 | Desolati | Identified the +9 great sword "Cir Figa" {venom, rElec}
 42627 | Desolati | Reached skill level 5 in Maces & Flails
 42639 | Desolati | Reached XP level 21. HP: 183/185 MP: 29/29
 42642 | Desolati | Got Ifaxkicw's Guidebook on Blight and Interference
 42691 | Desolati | Identified the +4 quarterstaff "Ovvochej" {venom, *Rage
                  | rCorr Dex+8}
 42862 | Desolati | Upgraded the game from 0.30-a0-967-g9b59a09336 to
                  | 0.30-a0-989-g0d87f670db
 43086 | Elf:2    | Found a runed translucent gate.
 43119 | Elf:2    | Found a runed translucent gate.
 43119 | Elf:2    | Found a runed translucent gate.
 43866 | Elf:3    | Entered Level 3 of the Elven Halls
 43927 | Elf:3    | Paralysed by an air elemental for 1 turns
 44167 | Elf:3    | Paralysed by an air elemental for 1 turns
 44591 | Abyss:2  | Cast into level 2 of the Abyss (a deep elf demonologist)
 44682 | Abyss:2  | Paralysed by accursed screaming for 1 turns
 44811 | Abyss:4  | Found a corrupted altar of Lugonu.
 44811 | Abyss:4  | Found a corrupted altar of Lugonu.
 44842 | Elf:3    | Escaped the Abyss
 45339 | Elf:3    | Identified the ring "Voasha" {rElec rN+ EV+5}
 45341 | Elf:3    | Identified the ring "Lusami" {Drain Fly rPois rF++ Str+6}
 45342 | Elf:3    | Identified the ring "Destriac" {rN+ Str+4}
 45342 | Elf:3    | Identified the +4 long sword of the Shouting Gods {spect,
                  | rElec rCorr}
 45433 | Elf:3    | Identified the staff of air "Poloagenyr" {rElec rPois rF+}
 45487 | Elf:3    | Identified the ring "Joocicum" {+Blink rC++ rCorr}
 45687 | Elf:3    | Identified the +1 helmet of Pan-Flutes {rF+}
 46159 | Depths:1 | Entered Level 1 of the Depths
 46863 | Depths:1 | Reached XP level 22. HP: 195/195 MP: 31/31
 46952 | Depths:1 | Got the Anthology of Impurities
 47216 | Depths:1 | Found a hide-covered altar of Uskayaw.
 47509 | Depths:1 | Found a gateway to Hell.
 49290 | Depths:2 | Found a one-way gate leading to the halls of Pandemonium.
 50738 | Vaults:3 | You paid a toll of +3 fire dragon scales to enter a
                  | treasure trove
 50739 | Trove    | Entered a treasure trove
 50748 | Trove    | Identified the amulet "Voint" {Spirit rElec}
 50752 | Trove    | Identified the ring of Xom's Wantonness {rC+ Int+3}
 50754 | Trove    | Identified the ring of Monotheism {Contam rPois Int+6 SInv
                  | Stlth-}
 50756 | Trove    | Identified the ring of Lesser Demons {rF+ Dex+3}
 50762 | Trove    | Identified the ring of Seen {rN+ Will+ SInv}
 50764 | Trove    | Identified the ring of Yleolopniu {Int+3 SInv}
 50769 | Trove    | Identified the ring of Burupn {rC+ AC+4}
 50771 | Trove    | Identified the amulet "Manirch" {Reflect rCorr Str+5 SH+5}
 50774 | Trove    | Identified the ring "Kuamebbo" {Fly rPois rF+ Str+3}
 51083 | Depths:3 | Identified the +5 leather armour of Boredom {rElec Will+
                  | MP+9}
 51089 | Depths:3 | Found a one-way gate to the infinite horrors of the Abyss.
 51115 | Depths:3 | Found a one-way gateway to a ziggurat.
 51166 | Depths:3 | Noticed a golden dragon
 51173 | Depths:3 | Killed a golden dragon
 51185 | Depths:3 | Reached skill level 10 in Maces & Flails
 51186 | Depths:3 | Noticed a juggernaut
 51392 | Depths:2 | Killed a juggernaut
 51731 | Depths:3 | Identified the staff of cold "Qimehef" {rC+ Int+2}
 51733 | Depths:3 | Identified the amulet "Hovofen" {Regen+ Str+3}
 51741 | Depths:3 | Found a runed translucent door.
 51742 | Depths:3 | Noticed a golden dragon
 51743 | Depths:3 | Found a runed translucent door.
 51743 | Depths:3 | Found a runed translucent door.
 51762 | Depths:3 | Killed a golden dragon
 52426 | Depths:4 | Entered Level 4 of the Depths
 52441 | Depths:4 | Noticed Margery
 52550 | Depths:3 | Killed Margery
 52660 | Depths:4 | Noticed the Enchantress
 52666 | Depths:4 | Killed the Enchantress
 52832 | Depths:3 | Reached XP level 23. HP: 206/206 MP: 32/32
 53321 | Depths:4 | Paralysed by a floating eye for 4 turns
 53352 | Depths:4 | Noticed Grunn
 53496 | Depths:4 | Killed Grunn
 53556 | Depths:4 | Found a white marble altar of Elyvilon.
 53989 | Depths:4 | Found a gate to the Realm of Zot.
 54206 | Depths:4 | Found a glowing silver altar of Zin.
 54749 | Vaults:5 | Entered Level 5 of the Vaults
 54755 | Vaults:5 | Reached skill level 27 in Shields
 54755 | Vaults:5 | Reached skill level 15 in Invocations
 55056 | Vaults:5 | Noticed Xtahua
 55110 | Vaults:4 | Killed Xtahua
 55153 | Vaults:5 | Identified the ring "Gesush" {rF+ Will+}
 55422 | Vaults:5 | Identified the +3 whip "Daxu" {antimagic, rPois rF+}
 55713 | Vaults:5 | Reached XP level 24. HP: 180/218 MP: 33/33
 55812 | Vaults:5 | Noticed an ancient lich
 55820 | Vaults:5 | Killed an ancient lich
 55926 | Vaults:5 | Found Asem's Magic Scroll Shoppe.
 55957 | Vaults:5 | Found Tuttaw's Magic Scroll Shop.
 56160 | Vaults:5 | Identified the +1 short sword of the Beastly God {freeze,
                  | rPois rC- Int+5}
 56234 | Vaults:5 | Identified the staff of earth "Qoss" {rElec rN+ Stlth+}
 56239 | Vaults:5 | Identified the +5 plate armour of Tumpyt {Dex+2}
 56341 | Vaults:5 | Got a silver rune of Zot
 56415 | Vaults:5 | Identified the +2 plate armour of the Shoals {Rampage rF+++
                  | MP-9 Dex+3}
 56567 | Vaults:5 | Identified the +9 lajatang of Dishonesty {freeze, Fly rPois
                  | Int-4 Stlth+}
 57258 | Zot:1    | Entered Level 1 of the Realm of Zot
 57896 | Zot:1    | Identified the +10 hand axe of Duty {speed, rCorr MP+9
                  | Dex-4}
 57947 | Zot:1    | Identified the +5 ring mail "Roxkory" {Dex+6}
 58743 | Zot:2    | Noticed a Killer Klown
 58769 | Zot:2    | Killed a Killer Klown
 58861 | Zot:2    | Acquired a manual of Staves
 60200 | Zot:3    | Identified the +3 dagger "Oluefon" {pain, Int+3}
 60229 | Zot:4    | Noticed an orb of fire
 60242 | Zot:4    | Gained mutation: You are very frail. (-20% HP) [an orb of
                  | fire]
 60243 | Zot:4    | Gained mutation: Your magical capacity is low. (-10% MP)
                  | [an orb of fire]
 60244 | Zot:4    | Gained mutation: Your body sometimes deteriorates upon
                  | taking damage. [an orb of fire]
 60253 | Zot:4    | Killed an orb of fire
 60256 | Zot:4    | Lost mutation: You are very frail. (-20% HP) [potion of
                  | mutation]
 60256 | Zot:4    | Lost mutation: Your magical capacity is low. (-10% MP)
                  | [potion of mutation]
 60256 | Zot:4    | Gained mutation: Your mind is acute. (Int +4, Str/Dex -1)
                  | [potion of mutation]
 60256 | Zot:4    | Gained mutation: You are partially covered in iridescent
                  | scales. (AC +2) [potion of mutation]
 60583 | Zot:4    | Reached skill level 27 in Fighting
 61618 | Zot:4    | Reached XP level 25. HP: 231/231 MP: 34/34
 62041 | Zot:5    | Entered Level 5 of the Realm of Zot
 62138 | Zot:5    | Reached skill level 15 in Maces & Flails
 62440 | Zot:5    | Noticed a dread lich
 62451 | Zot:5    | Killed a dread lich
 62835 | Zot:5    | Noticed a Killer Klown
 62836 | Zot:5    | a Killer Klown changed into an emperor scorpion
 62922 | Zot:5    | Noticed a dread lich
 62935 | Zot:5    | Killed a dread lich
 63150 | Zot:5    | Noticed an orb of fire
 63157 | Zot:5    | Noticed a dread lich
 63157 | Zot:5    | Gained mutation: You are mostly covered in iridescent
                  | scales. (AC +4) [an orb of fire]
 63158 | Zot:5    | Gained mutation: You do not regenerate when monsters are
                  | visible. [an orb of fire]
 63161 | Zot:5    | Gained mutation: Your spells are a little easier to cast,
                  | but a little less powerful. [an orb of fire]
 63166 | Zot:5    | Killed a dread lich
 63167 | Zot:5    | Killed an orb of fire
 63169 | Zot:5    | Noticed a dread lich
 63174 | Zot:5    | Killed a dread lich
 63402 | Zot:5    | Noticed a dread lich
 63409 | Zot:5    | Killed a dread lich
 63411 | Zot:5    | Noticed an orb of fire
 63424 | Zot:5    | Gained mutation: Armour fits poorly on your strangely
                  | shaped body. [an orb of fire]
 63425 | Zot:5    | Gained mutation: You are very frail. (-20% HP) [an orb of
                  | fire]
 63428 | Zot:5    | Killed an orb of fire
 63487 | Zot:5    | Noticed an orb of fire
 63498 | Zot:5    | Gained mutation: You occasionally shout uncontrollably at
                  | your foes. [an orb of fire]
 63501 | Zot:5    | Gained mutation: You are clumsy. (Dex -2) [an orb of fire]
 63505 | Zot:5    | Gained mutation: Your body often deteriorates upon taking
                  | damage. [an orb of fire]
 63759 | Zot:5    | Gained mutation: You are vulnerable to cold. (rC-) [an orb
                  | of fire]
 63766 | Zot:5    | Killed an orb of fire
 64034 | Zot:5    | Noticed an orb of fire
 64038 | Zot:5    | Gained mutation: Your magical capacity is low. (-10% MP)
                  | [an orb of fire]
 64044 | Zot:5    | Gained mutation: You are weak. (Str -2) [an orb of fire]
 64045 | Zot:5    | Killed an orb of fire
 64186 | Zot:5    | Noticed a Killer Klown
 64198 | Zot:5    | Killed a Killer Klown
 64376 | Zot:5    | Lost mutation: Your body often deteriorates upon taking
                  | damage. [potion of mutation]
 64376 | Zot:5    | Lost mutation: Your spells are a little easier to cast, but
                  | a little less powerful. [potion of mutation]
 64376 | Zot:5    | Lost mutation: Your body sometimes deteriorates upon taking
                  | damage. [potion of mutation]
 64376 | Zot:5    | Lost mutation: Your mind is acute. (Int +4, Str/Dex -1)
                  | [potion of mutation]
 64377 | Zot:5    | Lost mutation: Armour fits poorly on your strangely shaped
                  | body. [potion of mutation]
 64377 | Zot:5    | Lost mutation: You occasionally shout uncontrollably at
                  | your foes. [potion of mutation]
 64377 | Zot:5    | Lost mutation: You are weak. (Str -2) [potion of mutation]
 64377 | Zot:5    | Gained mutation: Your magical capacity is very low. (-20%
                  | MP) [potion of mutation]
 64377 | Zot:5    | Gained mutation: Your movements are slightly less
                  | encumbered by armour. (ER -2) [potion of mutation]
 64378 | Zot:5    | Lost mutation: You occasionally lose the ability to read
                  | scrolls when taking damage. [potion of mutation]
 64378 | Zot:5    | Lost mutation: Your magical capacity is very low. (-20% MP)
                  | [potion of mutation]
 64379 | Zot:5    | Lost mutation: You do not regenerate when monsters are
                  | visible. [potion of mutation]
 64379 | Zot:5    | Lost mutation: You are very frail. (-20% HP) [potion of
                  | mutation]
 64379 | Zot:5    | Lost mutation: You are clumsy. (Dex -2) [potion of
                  | mutation]
 64379 | Zot:5    | Gained mutation: You have hidden genetic defects. [potion
                  | of mutation]
 64379 | Zot:5    | Gained mutation: You have a pair of large horns on your
                  | head. [potion of mutation]
 64380 | Zot:5    | Lost mutation: Your magical capacity is low. (-10% MP)
                  | [potion of mutation]
 64380 | Zot:5    | Lost mutation: You have a pair of large horns on your head.
                  | [potion of mutation]
 64380 | Zot:5    | Lost mutation: You are frail. (-10% HP) [potion of
                  | mutation]
 64462 | Zot:5    | Got the Orb of Zot
 64908 | D:9      | Noticed Yrasokkei the pandemonium lord
 65016 | D:$      | Escaped with the Orb!

Illustrated notes

Levels and vault maps discovered:
D:1:      minmay_arrival_nine_rooms, layout_basic, wad_floor_pattern_untrapped,
          grunt_decor_resistance
D:2:      layout_rooms
D:3:      layout_loops_cross, mainiacjoe_overflow_alcove_1
D:4:      layout_loops_ring, serial_shops, nicolae_shop_window_shopping,
          shop_statue, kennysheep_mini_moat
D:5:      layout_gridville, xom_confusion_cloud, minmay_temple_entry_wispy,
          uniq_menkaure, uniq_ijyb, uniq_duvessa, uniq_crazy_yiuf_cottage
D:6:      layout_rooms, hangedman_decor_slide_cut, nicolae_hexahallways
D:7:      layout_rooms, enter_bailey_3, serial_shops, shop
D:8:      layout_basic, worldfamousw_hep_ancestral_shrine,
          minmay_misc_feat_nine_boxes, feat_on_display, uniq_prince_ribbit1,
          uniq_joseph
D:9:      layout_roguey, serial_shops, nicolae_shop_crystal,
          serial_corexii_hall, corexii_hall_statues_i,
          chequers_hall_statues_wall_a, corexii_hall_statues_u,
          corexii_hall_statues_s
D:10:     layout_irregular_city, erik_lair_island, serial_shops,
          nicolae_shop_hallway_stairs
D:11:     layout_irregular_city, fountainhead, david_defended_altar_orc
D:12:     layout_long_grid, orc_0_dummy
D:13:     minmay_ice_pillars, layout_basic, skrybe_vaults_entry_preservation,
          kennysheep_pointless_box, minmay_nine_imps
D:14:     layout_basic, minmay_staircase_windowed_large, uniq_agnes
D:15:     grunt_enter_depths_magical_seal, layout_loops_ring,
          chequers_serial_rivers_room_b, serial_demonic, serial_demonic_f,
          serial_demonic_g, serial_demonic_d, serial_demonic_e,
          minmay_door_square
Temple:   nicolae_temple_bog_church
Lair:1:   beast_lair_carwin_large_1, layout_gridlike, grunt_megastairs_1,
          infiniplex_staircase_pool
Lair:2:   layout_regular_city, minmay_swamp_entry_wisps, dreamdust_wasp_nest
Lair:3:   layout_hall_layers, dummy_spider_entry, basic_altar,
          gauntlet_entry_generic, fungi_pond_lemuel, beast_lair_carwin_7,
          infiniplex_staircase_pool_2, uniq_amaemon
Lair:4:   layout_roguey, nicolae_slime_entry_slimehenge, worms_lemuel
Lair:5:   grunt_lair_end_beastmaster, layout_regular_city
Swamp:1:  nicolae_swamp_secret_spriggan_hideout, layout_falls_marsh,
          evilmike_swamp_ruin_house_1, swamp_pool2,
          nicolae_swamp_very_dense_foliage, uniq_donald
Swamp:2:  layout_falls_marsh, serial_swamp_ruin, evilmike_swamp_ruin_house_4,
          evilmike_swamp_ruin_house_3, evilmike_swamp_ruin_house_2
Swamp:3:  layout_falls_marsh, evilmike_swamp_ruin_rubble_2, swamp_pool1,
          uniq_nikola, uniq_jorgrun, uniq_mara
Swamp:4:  byrel_swamp_growth_death_and_undeath, layout_basic_swamp, swamp_pool2
Spider:1: layout_spider_delve, hangedman_spider_tarantella_strand
Spider:2: layout_chambers, nicolae_spider_altar_of_dancing
Spider:3: layout_cave_pods, uniq_mlioglotl
Spider:4: hellmonk_spider_rune_endless_swarm, uniq_louise, uniq_roxanne
Orc:1:    layout_caves, basic_altar
Orc:2:    st_orc_ogre_mass, layout_caves
Elf:1:    elf_arrival_002, layout_loops_ring, minmay_elf_crystal_heptagon
Elf:2:    elven_hall_of_blades_hangedman_original
          [infiniplex_blade_entry_pillars], layout_loops_cross,
          portal_desolation_entry_nicolae_forbidding_blocks, feat_on_display
Elf:3:    minmay_elf_hall_quartered_circle, layout_rooms, nicolae_elf_w_pinch,
          hangedman_elf_power_crystal, minmay_misc_feat_alley,
          grunt_ministairs_10
Vaults:1: hangedman_vaults_nails, ontoclasm_vaults_hangar, v_pattern_4,
          vaults_room_corners, v_misc_33, grunt_vaults_focal, v_rooms_1,
          nicolae_vaults_windows_and_doors_thing, nicolae_vaults_little_ls,
          not_door_vault_mu, nicolae_vaults_asterisk, vaults_room_pools,
          vaults_room_hangedman_quadrants, ontoclasm_vaults_pinch,
          nicolae_vaults_theta, layout_vaults_maze_snakey
Vaults:2: v_misc_16, nicolae_vaults_specimen_jars,
          nicolae_vaults_little_squares_3, st_lattice,
          vaults_dpeg_emergency_exit, grunt_vaults_hallway_long, v_misc_17,
          hangedman_vaults_cutoff, vaults_dpeg_spiral,
          layout_vaults_chaotic_city, serial_shops, shop
Vaults:3: v_alt_pattern_5, vaults_room_hallway, st_smaller_cells,
          nicolae_vaults_alarming, ontoclasm_vaults_gateway,
          ontoclasm_vaults_decontamination, layout_vaults_omnigrid,
          nicolae_trove_entry_isolated
Vaults:4: vaults_room_stairs_pillars, hangedman_vaults_maws,
          nicolae_vaults_rhombus_7, nicolae_vaults_bisected_slash, v_misc_11,
          vaults_mumra_hex, nicolae_vaults_rhombus_5, v_misc_18, v_misc_3,
          v_misc_23, v_misc_13, hangedman_vaults_trim, ontoclasm_vaults_hangar,
          v_misc_16, vaults_dpeg_ring, layout_vaults_omnicross, serial_shops,
          shop, nicolae_shop_trees
Vaults:5: serial_shops, uniq_xtahua
Depths:1: layout_big_octagon, serial_co_window_serial, co_window_paths_a,
          co_window_paths_a, co_window_paths_b, co_window_paths_b,
          co_window_paths_a, co_window_unsneaky_path_a, co_window_cross_2,
          co_window_cross_3, co_window_cross_3, co_window_4corner_b,
          co_window_paths_d, glass_columns_a, glass_columns_a, glass_columns_c,
          hangedman_geh_valley, nicolae_uskayaw_dance_hall,
          hangedman_research_toxicology
Depths:2: dreamdust_hydra_shepherd, layout_basic, rand_demon_pan_entry_5,
          hangedman_coc_ice_floe, minmay_parallelograms,
          hangedman_stitches_earthworm
Depths:3: minmay_the_grid_triangle_9x9_recursive_2
          [minmay_the_grid_triangle_9x9_prize_top_heavy,
          minmay_the_grid_triangle_9x9_fully_insulated_deathbox,
          minmay_the_grid_triangle_9x9_swiss_cheese,
          minmay_the_grid_triangle_9x9_sparse_checkered], layout_cave_pools,
          enter_ziggurat_f, minmay_room_of_horrors, pf_hell_entry_tar_spiral,
          hangedman_decor_points, grunt_decor_cap
Depths:4: evilmike_zot_entry_gauntlet, layout_basic, elyvilon_altar_5,
          hell_entry, zin_statuary, grunt_megastairs_5, serial_bayou_shore_a,
          uniq_enchantress, uniq_grunn, uniq_margery
Zot:1:    layout_concentric_octagons, st_stairs_14, skrybe_zot_glass_2
Zot:2:    layout_misc_corridors
Zot:3:    nicolae_moth_party, layout_concentric_octagons, grunt_megastairs_3,
          lemuel_elevator
Zot:4:    layout_basic, hangedman_zot_decor_unnerving_road,
          kennysheep_underground_church
Zot:5:    layout_basic

Skill      XL: |  1  2  3  4  5  6  7  8  9 10 11 12 13 14 15 16 17 18 19 20 21 22 23 24 25 |
---------------+----------------------------------------------------------------------------+-----
Axes           | 3 4 5 6 7 9 11 13 15 17 18 19 20 | 20.0
Fighting       | 4 5 6 7 8 9 11 14 16 17 18 19 20 21 22 23 25 27 | 27.0
Shields        | 4 5 7 8 10 13 15 16 18 19 21 22 23 25 26 27 | 27.0
Armour         | 4 5 7 8 10 11 13 15 16 17 18 19 20 21 24 | 24.1
Dodging        | 1 2 3 4 |  4.3
Maces & Flails | 1 5 8 10 12 14 16 | 16.7
Invocations    | 4 7 8 10 11 12 13 14 15 16 17 | 17.8
Polearms       | 3 9 12 14 16 17 | 17.0

Action                     |  1- 3 |  4- 6 |  7- 9 | 10-12 | 13-15 | 16-18 | 19-21 | 22-24 | 25-27 || total
---------------------------+-------+-------+-------+-------+-------+-------+-------+-------+-------++-------
  Melee: War axe           |    97 |    73 |   298 |   191 |       |       |       |       |       ||   659
         Headbutt          |     7 |     9 |    62 |   109 |   173 |   302 |   327 |   366 |    92 ||  1447
         Broad axe         |       |       |       |   256 |   693 |  1124 |  1209 |  1012 |   295 ||  4589
         Morningstar       |       |       |       |     2 |    26 |    48 |       |    21 |       ||    97
 Invoke: Disaster Area     |       |       |       |       |       |       |     6 |     1 |     1 ||     8
  Evoke: Wand              |       |       |       |       |       |       |     1 |       |       ||     1
    Use: Scroll            |     4 |       |     3 |    15 |     7 |     7 |    10 |    13 |     2 ||    61
         Potion            |       |       |     1 |     1 |       |     5 |    13 |     1 |     8 ||    29
   Stab: Petrified         |       |       |       |       |     4 |       |       |       |       ||     4
         Distracted        |       |       |       |       |       |       |       |    22 |     6 ||    28
 Armour: Scale mail        |    24 |       |       |       |       |       |       |       |       ||    24
         Chain mail        |    21 |    31 |   176 |   130 |       |       |       |       |       ||   358
         Crystal plate arm |       |       |       |    44 |   310 |   720 |   287 |       |       ||  1361
         Gold dragon scale |       |       |       |       |       |       |    41 |   310 |    65 ||   416
  Dodge: Dodged            |    42 |    29 |   113 |   136 |   109 |   219 |   157 |    55 |    19 ||   879
         Repelled          |       |       |       |       |     5 |     8 |    15 |     6 |       ||    34
  Block: Buckler           |    29 |    17 |   119 |   216 |   279 |       |       |       |       ||   660
         Kite shield       |       |       |       |       |   357 |  1534 |  1311 |  1314 |   324 ||  4840
         Reflection        |       |       |       |       |       |       |       |    81 |     5 ||    86

Table legend: (Time is in decaauts)
 A = Elapsed time spent in this place.
 B = Non-inter-level travel time spent in this place.
 C = Inter-level travel time spent in this place.
 D = Time resting spent in this place.
 E = Time spent auto-exploring this place.
 F = Levels seen in this place.
 G = Mean time per level.
                   A        B        C        D        E       F      G
               +--------+--------+--------+--------+--------+-----+--------+
         Total |  64197 |  58632 |   5565 |  18683 |  18244 |  55 | 1167.2 |
       Dungeon |  17777 |  16005 |   1772 |   4311 |   7382 |  15 | 1185.1 |
        Temple |     12 |     12 |      0 |      0 |      0 |   1 |   12.0 |
          Lair |   5557 |   5209 |    348 |   1271 |   2734 |   5 | 1111.4 |
         Swamp |   4266 |   4024 |    242 |   1729 |   1260 |   4 | 1066.5 |
   Spider Nest |   6627 |   6454 |    173 |   2758 |   1467 |   4 | 1656.8 |
  Orcish Mines |   1338 |   1277 |     61 |    182 |    707 |   2 |  669.0 |
   Elven Halls |   3745 |   3470 |    275 |    955 |    342 |   3 | 1248.3 |
        Vaults |   8692 |   6888 |   1804 |   1660 |   1777 |   5 | 1738.4 |
        Depths |   6832 |   6116 |    716 |   2387 |   1179 |   4 | 1708.0 |
           Zot |   6827 |   6655 |    172 |   2577 |   1289 |   5 | 1365.4 |
         Abyss |    242 |    242 |      0 |      0 |      0 |   3 |   80.7 |
         Trove |     55 |     55 |      0 |      0 |      0 |   1 |   55.0 |
        Bailey |    776 |    776 |      0 |    412 |     44 |   1 |  776.0 |
    Desolation |    811 |    811 |      0 |    242 |      0 |   1 |  811.0 |
      Gauntlet |    634 |    634 |      0 |    199 |     62 |   1 |  634.0 |
               +--------+--------+--------+--------+--------+-----+--------+

Top non-repeatable levels by time:
Spider:3: 2440 daAuts
Vaults:4: 2280 daAuts
Vaults:3: 2203 daAuts
Depths:3: 2057 daAuts
   Zot:5: 1909 daAuts
    D:15: 1893 daAuts
Vaults:1: 1875 daAuts
   Zot:4: 1740 daAuts
     D:8: 1726 daAuts
Depths:4: 1711 daAuts
Spider:2: 1692 daAuts
     D:5: 1643 daAuts
Depths:2: 1578 daAuts
Depths:1: 1486 daAuts
    D:13: 1482 daAuts
